[Event "ESP-ch Teams Primera 2022"]
[Site "Sanxenxo Pontevedra"]
[Date "2022.09.20"]
[Round "4.2"]
[White "Rubio Mejia, Luis Ignacio"]
[Black "Naiditsch, Arkadij"]
[Result "0-1"]
[ECO "E91"]
[WhiteElo "2399"]
[BlackElo "2666"]
[Annotator "TA"]
[PlyCount "78"]
[EventDate "2022.09.17"]
[EventType "team-tourn"]
[EventCountry "ESP"]
[SourceTitle "playchess.com"]
[Source "ChessBase"]
[SourceQuality "1"]
[TimeControl "5400+30"]

1. d4 Nf6 2. c4 g6 3. Nc3 Bg7 4. e4 d6 5. Nf3 O-O 6. Be2 Na6 7. O-O e5 8. Re1 Qe8 9. Bf1 Bg4 10. d5 Nb4 11. Be2 {11.a3 might become the main line.} a5 {CPLX 2.4} 12. Rb1 {CPLX 2.4 9 (h2-h3) (=9). E94: King's Indian: Classical: 6 Be2 e5 7 0-0: Various Black 7th moves.} Na6 {BESTDEEP} 13. Bg5 {CPLX 2.1 7 (Bc1-e3) (=8)} h6 {[#] CPLX 2.3 21 (b7-b6) (=7)} 14. Be3 $146 {CPLX 2.5. White is slightly better.} ({Predecessor:} 14. Bxf6 Bxf6 15. Nd2 Bd7 16. Bg4 Bg5 17. Bxd7 Qxd7 18. Nf3 Be7 19. Na4 f5 20. a3 fxe4 21. Rxe4 {1-0 (47) Doettling,F (2541)-Souleidis,G (2421) Germany 2008}) 14... Bd7 {CPLX 2.2 13 (Na6-c5) (=9)} 15. Nd2 {BESTDEEP} Nh7 {CPLX 2.0 26 (b7-b6) (=12)} 16. a3 {CPLX 2.0} f5 {BESTDEEP} 17. f3 $1 {DEEPSTRONG} a4 {BESTDEEP} 18. Nb5 {BESTDEEP} f4 {CPLX 2.4} 19. Bf2 {EASY} g5 {BESTDEEP} 20. Qxa4 {[%cal Oc4c5] BESTDEEP} h5 {CPLX 2.5 45 (Qe8-g6) (=11)} 21. Kh1 {CPLX 2.6 65 (c4-c5) (=8)} (21. c5 $16) 21... g4 $14 {BESTDEEP} 22. Nf1 {RELBLUND 113 (Re1-c1) (=18)} ({Better is} 22. Rec1 $14) 22... Qg6 {CPLX 2.8 26 (Bg7-f6) (=11)} (22... Nc5 23. Qd1 Qd8 24. Nd2 $16) 23. b4 {CPLX 2.9 17 (Qa4-d1) (=18)} h4 {RELBLUND 79 (Bg7-f6) (=16)} (23... Bf6 $15) 24. fxg4 {RELBLUND 117 (Bf2xh4) (=25)} (24. Bxh4 $11 {was the only way to keep the balance.} Qh6 25. Bf2 (25. Be7 $2 Rf7 $19)) 24... h3 $1 $17 {Black continues to play with concentration. CPLX 3.3=>BLUNDERREACT} 25. Qb3 {CPLX 3.7 49 (Nf1-d2) (=27)} (25. gxh3 $2 Qxe4+ 26. Kg1 Ng5 $19) (25. Nd2 $17 hxg2+ 26. Kxg2) 25... hxg2+ $19 {CPLX 3.4} (25... Bxg4 26. Bxg4 hxg2+ 27. Kxg2 Qxg4+ 28. Kh1 $11) 26. Kxg2 {[#] RECAPT} Ng5 $1 {And now ...f3+ would win. DEEPSTRONG} (26... Qxe4+ 27. Bf3 Qg6 28. h3 $11) (26... Bxg4 27. Bxg4 Qxg4+ 28. Kh1 $11) 27. Nd2 {Against f3+. CPLX 5.0 4 (Be2-d1) (=24)} f3+ $1 {[%mdl 64] Deflection. EASY} (27... Nxe4 28. Nxe4 Qxe4+ 29. Bf3 $14) 28. Nxf3 {CPLX 5.5 84 (Be2xf3) (=27)} (28. Bxf3 {was the only defense.} Nxf3 29. Nxf3) 28... Nxe4 {DEEPSTRONG=>BLUNDERREACT} ({Inferior is} 28... Qxe4 29. Qe3 Bxg4 30. Qxe4 Nxe4 31. h3 $11) 29. Bg3 {Nh4 is the strong threat. CPLX 5.3 34 (Qb3-e3) (=28)} Qxg4 {BESTDEEP} ({Less strong is} 29... Nxg3 30. hxg3 e4 31. Nfd4 $14) 30. Ng1 {BESTDEEP} Rf2+ {BESTDEEP} ({Weaker is} 30... Qg6 31. Nf3 Qh6 32. Kg1 $19) 31. Kh1 {[#] LEGAL} Qg6 {BESTDEEP} 32. Qe3 {BESTDEEP} Raf8 {Chess con chili. CPLX 5.7 126 (Bg7-h6) (=15)} (32... Bh6 $142 33. Bh5 Qxh5 34. Qxe4 Bf5) 33. Bd3 $2 {MISSDEEP-Rb1-b3 296 (Rb1-b3) (=36)} (33. Rb3 {might work better.}) 33... Nxg3+ {EASY} 34. Qxg3 {RECAPT} Qxg3 {RECAPT} 35. hxg3 {RECAPT} R8f6 {[%cal Bf8f6,Bf6h6,Bh6h2][%mdl 32] aiming for ...Rh6+. CPLX 3.5} 36. Ne2 {EASY} Rh6+ $40 {[%mdl 128] Black attacks. CPLX 4.2} 37. Kg1 {LEGAL} Rhh2 {( -> ...Rfg2+). EASY} 38. Nbc3 {MISSDEEP-Bd3-e4 400 (Bd3-e4) (=44)} (38. Be4 $19 Rxe2 39. Nc3) 38... Rfg2+ {DEEPSTRONG=>BLUNDERREACT} 39. Kf1 {LEGAL} Bh3 {[%csl LRe2,LRg3] Weighted Error Value: White=0.55/Black=0.15 (very precise)} 0-1

[Event "ESP-ch Teams Primera 2022"]
[Site "Sanxenxo Pontevedra"]
[Date "2022.09.20"]
[Round "4.3"]
[White "Ponomariov, Ruslan"]
[Black "Almagro Llamas, Pablo"]
[Result "1/2-1/2"]
[ECO "B90"]
[WhiteElo "2640"]
[BlackElo "2407"]
[Annotator "TA"]
[PlyCount "80"]
[EventDate "2022.09.17"]
[EventType "team-tourn"]
[EventCountry "ESP"]
[SourceTitle "playchess.com"]
[Source "ChessBase"]
[SourceQuality "1"]
[TimeControl "5400+30"]

1. e4 c5 2. Nf3 d6 3. d4 cxd4 4. Nxd4 Nf6 5. Nc3 a6 6. h3 e6 7. g4 {[%emt 0:00:13] BESTDEEP} d5 {[%emt 0:01:11] CPLX 2.2 15 (b7-b5) (=15). B81: Sicilian Scheveningen: Keres Attack.} 8. Nde2 {[%emt 0:02:26] CPLX 2.5 2 (e4xd5) (=1)} Bc5 {[%emt 0:13:10] BESTDEEP} 9. exd5 {[%emt 0:11:12] BESTDEEP} Qb6 {[%emt 0:02:18] BESTDEEP. The position is equal.} 10. Be3 {[%emt 0:01:07] BESTDEEP} Bxe3 {[%emt 0:00:13] EASY} 11. fxe3 {[%emt 0:00:04] Threatening Qd4. RECAPT} Qxb2 {[%emt 0:07:47] DEEPSTRONG} 12. Rb1 {[%emt 0:02:39] CPLX 2.7 0 (d5xe6) (=0)} Qa3 {[%emt 0:01:22] [#] EASY} 13. e4 $146 {[%emt 0:00:20] CPLX 2.7 3 (Bf1-g2) (=1)} ({Predecessor:} 13. dxe6 Bxe6 14. Bg2 Nc6 15. Rxb7 Na5 16. Rb3 Nxb3 17. Bxa8 O-O 18. Bg2 Na5 19. O-O {½-½ (28) Schmidt,J-Koestner,W (2306) GER email 2018}) 13... O-O {[%emt 0:17:09] BESTDEEP} 14. Bg2 {[%emt 0:00:37] CPLX 2.7 30 (Qd1-d4) (=4)} e5 {[%emt 0:11:44] Against Qd4. BESTDEEP} 15. O-O {[%emt 0:02:41] CPLX 2.6 6 (Qd1-d2) (=5)} Ne8 {[%emt 0:01:39] CPLX 3.1 3 (Nb8-d7) (=2)} 16. Rf3 $1 {[%emt 0:01:48] DEEPSTRONG} Qc5+ {[%emt 0:02:00] CPLX 3.0 30 (Nb8-d7) (=5)} 17. Kh2 {[%emt 0:00:14] Strongly threatening Na4. CPLX 2.5 12 (Kg1-h1) (=5)} b5 {[%emt 0:00:14] Inhibits Na4. CPLX 2.8 17 (Nb8-d7) (=6)} 18. a4 {[%emt 0:03:51][%cal Ra4b5] CPLX 2.8} Nd6 {[%emt 0:02:51] CPLX 3.1 2 (Bc8-d7) (=6)} 19. Qg1 {[%emt 0:04:48] BESTDEEP} Qxg1+ {[%emt 0:00:47] BESTDEEP} 20. Kxg1 {[%emt 0:00:03][%cal Ra4b5] RECAPT} ({But not} 20. Rxg1 b4 21. Nd1 (21. Na2 a5 $17) 21... a5 $17) 20... Bd7 {[%emt 0:00:35] BESTDEEP} 21. Bf1 {[%emt 0:08:46] RELBLUND 61 (a4xb5) (=8)} (21. axb5 $11 axb5 22. Ng3) 21... Rc8 {CPLX 2.2 14 (Nd6-c4) (=5)} 22. Nc1 {[%emt 0:01:14] CPLX 2.3 63 (Ne2-g3) (=11)} (22. Ng3 $15) 22... bxa4 $17 {[%emt 0:15:46][%cal Od7b5] CPLX 2.4} 23. Rb6 {[%emt 0:02:58] [#] Against Bb5. CPLX 2.3 16 (Rb1-a1) (=11)} Nb5 {[%emt 0:02:13] MISSDEEP-Nd6-c4 124 (Nd6-c4) (=12)} (23... Nc4 $1 $17 24. Bxc4 Rxc4) 24. Nxa4 $11 {[%emt 0:05:28] BESTDEEP=>BLUNDERREACT} ({Of course not} 24. Nxb5 axb5 25. Ra3 Rxc2 $17) 24... Rxc2 {[%emt 0:04:11] EASY} 25. Nb3 {[%emt 0:00:06] CPLX 3.5} Be8 {[%emt 0:03:19] BESTDEEP} 26. Bxb5 {[%emt 0:08:41] CPLX 2.9 13 (Bf1-d3) (=10)} axb5 {[%emt 0:02:13] RECAPT} 27. Rc3 $2 {[%emt 0:00:24] RELBLUND 153 (Na4-c5) (=17)} (27. Nac5 $15) 27... bxa4 $19 {[%emt 0:04:51] CPLX 3.3=>BLUNDERREACT} 28. Rxc2 {[%emt 0:00:05] Hoping for Rc8. EASY} Nd7 {[%emt 0:00:06] EASY} ({Resist} 28... axb3 29. Rc8 Kf8 30. Rbxb8 Rxb8 31. Rxb8 $18) 29. Rb4 {[%emt 0:00:05] Threatens to win with Nd2. CPLX 3.0 0 (Rb6-b7) (=16)} axb3 {[%emt 0:00:06] EASY} 30. Rxb3 {[%emt 0:00:04] RECAPT 5 (Rc2-c3) (=15)} Kf8 {[%emt 0:01:42] CPLX 2.6 81 (Nd7-f6) (=12)} ({Better is} 30... Nf6 $19 31. Rc4 Bd7) 31. Rc4 $17 {[%emt 0:00:38] DEEPSTRONG=>BLUNDERREACT} Ke7 {[%emt 0:00:49] CPLX 2.6 48 (h7-h5) (=13)} (31... h5 $142 32. Kf2 hxg4 33. hxg4 g5) 32. Kf2 {[%emt 0:00:10] [#] CPLX 2.8 73 (Rb3-b7) (=17)} (32. Rb7 $17) 32... Nf6 {[%emt 0:02:24] CPLX 2.8 50 (h7-h6) (=15)} (32... h6 $1 $19 {White must now prevent ...Nf6.} 33. Rc7 Kd8) 33. g5 {[%emt 0:01:02] DEEPSTRONG} Nd7 {[%emt 0:00:06] BESTDEEP} 34. h4 {[%emt 0:00:28] CPLX 2.8 4 (Rb3-b7) (=16)} f6 {[%emt 0:02:11] CPLX 2.9} 35. Rb7 {[%emt 0:01:14] CPLX 3.1} fxg5 {[%emt 0:00:50] RELBLUND 103 (Ra8-a2) (=17)} (35... Ra2+ $17 36. Kg3 Ra3+ 37. Kf2 Bh5) 36. hxg5 $15 {[%emt 0:00:02] RECAPT} Ra2+ {[%emt 0:00:54] CPLX 3.1} 37. Kg3 {[%emt 0:00:06] CPLX 3.2} Ra3+ {[%emt 0:00:26] CPLX 3.4} 38. Kf2 {[%emt 0:00:14] CPLX 3.2 15 (Kg3-h2) (=14)} Ra2+ {[%emt 0:00:38] CPLX 3.3 78 (Be8-h5) (=18)} 39. Kg3 {[%emt 0:00:04] CPLX 3.2} Ra3+ {[%emt 0:01:29] CPLX 3.4 45 (Ke7-d8) (=18)} 40. Kf2 $1 {[%emt 0:00:05] DEEPSTRONG} Ra2+ {[%emt 0:00:36] Weighted Error Value: White=0.15 (very precise) /Black=0.21 (precise)} (40... Bh5 $17) 1/2-1/2

[Event "ESP-ch Teams Primera 2022"]
[Site "Sanxenxo Pontevedra"]
[Date "2022.09.20"]
[Round "4.4"]
[White "Garcia Cuenca, Victor"]
[Black "Franco Alonso, Alejandro"]
[Result "1-0"]
[ECO "E43"]
[WhiteElo "2369"]
[BlackElo "2432"]
[Annotator "ChessBase"]
[PlyCount "70"]
[EventDate "2022.09.17"]
[EventType "team-tourn"]
[EventCountry "ESP"]
[SourceTitle "playchess.com"]
[Source "ChessBase"]
[SourceQuality "1"]
[TimeControl "5400+30"]

1. d4 Nf6 2. c4 e6 3. Nc3 Bb4 4. e3 b6 5. Bd3 Bb7 6. Nf3 Ne4 7. O-O f5 8. Ne2 Be7 9. Nd2 Bd6 10. a3 O-O 11. f4 Be7 12. Nxe4 fxe4 13. Bc2 d5 14. Ng3 Qe8 15. Bd2 Bh4 16. Bb4 Rf7 17. Qh5 Bxg3 18. hxg3 Nd7 19. g4 a5 20. Bd2 Ba6 21. b3 a4 22. Rfc1 Nf6 23. Qh3 axb3 24. Bxb3 Bxc4 25. Bxc4 dxc4 26. Rxc4 Nd5 27. Bb4 Qa4 28. Rac1 Qb3 29. g5 Re8 30. Kf2 g6 31. Rc6 Qd3 32. Re1 Rf5 33. Kg1 Qb3 34. Kf2 Qd3 35. Kg1 Qb3 1-0

[Event "ESP-ch Teams Primera 2022"]
[Site "Sanxenxo Pontevedra"]
[Date "2022.09.20"]
[Round "4.5"]
[White "Gonzalez De La Torre, Santiago"]
[Black "Guadamuro Torrente, Anabel"]
[Result "1-0"]
[ECO "A11"]
[WhiteElo "2439"]
[BlackElo "2102"]
[Annotator "ChessBase"]
[PlyCount "93"]
[EventDate "2022.09.17"]
[EventType "team-tourn"]
[EventCountry "ESP"]
[SourceTitle "playchess.com"]
[Source "ChessBase"]
[SourceQuality "1"]
[TimeControl "5400+30"]

1. c4 c6 2. e4 e5 3. Nf3 d6 4. d4 Nd7 5. Nc3 Ngf6 6. Be2 g6 7. O-O Bg7 8. Re1 O-O 9. Bf1 h6 10. g3 Re8 11. d5 c5 12. a3 Nh7 13. Rb1 f5 14. Nh4 f4 15. Nxg6 Qf6 16. Nh4 Rf8 17. Nf5 Nb6 18. g4 Bxf5 19. exf5 Qh4 20. Ne4 h5 21. f3 Nd7 22. Qe2 hxg4 23. fxg4 f3 24. Qf2 Qxg4+ 25. Qg3 Qxg3+ 26. hxg3 Rxf5 27. Bh3 Rf7 28. Be6 Raf8 29. Kf2 Kh8 30. Bxf7 Rxf7 31. Nxd6 Rf8 32. Re3 Ng5 33. Ne4 Nh3+ 34. Kf1 b6 35. b4 Nf6 36. Nxf6 Bxf6 37. Rxf3 e4 38. Rf5 Kg7 39. Kg2 Kg6 40. g4 Re8 41. Kxh3 e3 42. bxc5 bxc5 43. Rf3 e2 44. Bd2 Bg5 45. Bxg5 e1=Q 46. Rxe1 Rxe1 47. Bd2 1-0

[Event "ESP-ch Teams Primera 2022"]
[Site "Sanxenxo Pontevedra"]
[Date "2022.09.20"]
[Round "4.7"]
[White "Reinaldo Castineira, Roi"]
[Black "Vallejo Pons, Francisco"]
[Result "0-1"]
[ECO "B11"]
[WhiteElo "2496"]
[BlackElo "2711"]
[Annotator "TA"]
[PlyCount "86"]
[EventDate "2022.09.17"]
[EventType "team-tourn"]
[EventCountry "ESP"]
[SourceTitle "playchess.com"]
[Source "ChessBase"]
[SourceQuality "1"]
[TimeControl "5400+30"]

1. e4 c6 2. Nc3 d5 3. Nf3 Bg4 4. h3 Bxf3 5. Qxf3 e6 6. Be2 Bc5 {[%emt 0:06:29] CPLX 2.3 13 (d5-d4) (=13). B11: Caro-Kann: Two Knights Variation.} 7. O-O {[%emt 0:01:40] BESTDEEP} Nf6 {[%emt 0:11:10] CPLX 2.7 11 (Nb8-d7) (=12)} 8. exd5 {[%emt 0:06:05] CPLX 2.8 49 (d2-d3) (=16)} (8. d3 $142) 8... cxd5 $11 {[%emt 0:04:15] [#] RECAPT. The position is equal.} 9. Na4 $146 {[%emt 0:14:03] CPLX 2.5 9 (Be2-b5) (=15)} ({Predecessor:} 9. d4 Bxd4 10. Nb5 Be5 11. Bf4 a6 12. Bxe5 axb5 13. Bxb5+ Nc6 14. Bxf6 Qxf6 15. Qxf6 gxf6 {0-1 (57) Stevens,D-Fisette,R ICCF email 2018}) 9... Be7 {[%emt 0:03:58] BESTDEEP} 10. d4 {[%emt 0:00:11] CPLX 2.2} Nc6 {[%emt 0:01:27] CPLX 2.1 0 (0-0) (=5)} 11. Rd1 {[%emt 0:06:50] CPLX 2.1} O-O {[%emt 0:02:23] CPLX 2.1 6 (Ra8-c8) (=5)} 12. b3 {[%emt 0:04:40] CPLX 2.2 19 (Bc1-e3) (=11)} Ne4 {[%emt 0:11:50] CPLX 2.2} 13. Bb2 {[%emt 0:00:57] CPLX 2.6 17 (c2-c3) (=12)} f5 {[%emt 0:02:54] CPLX 2.5} 14. c4 {[%emt 0:03:10] CPLX 2.5} Bh4 {[%emt 0:15:59] BESTDEEP} 15. g3 {[%emt 0:00:44] CPLX 3.0 20 (Rd1-f1) (=11)} Bf6 {[%emt 0:00:09] CPLX 3.0} 16. Qg2 {[%emt 0:07:06] CPLX 2.7 16 (Ra1-c1) (=12)} (16. Rac1 {with more complications.} f4 17. Nc5 fxg3 18. Nxe6 gxf2+ 19. Kg2) 16... Kh8 {[%emt 0:05:42] CPLX 2.7 28 (Qd8-d6) (=5)} 17. f3 {[%emt 0:04:10] CPLX 2.7} Nd6 {[%emt 0:02:58] CPLX 2.8} 18. Rac1 {[%emt 0:12:22] CPLX 2.4 14 (Kg1-h1) (=11)} Qe7 {[%emt 0:02:38] CPLX 2.4 5 (Ra8-c8) (=5)} 19. Kh2 {[%emt 0:02:34] CPLX 2.4 5 (Na4-c5) (=11)} f4 {[%emt 0:05:19] BESTDEEP} 20. g4 {[%emt 0:00:15] CPLX 2.9} Rad8 {[%emt 0:01:25] CPLX 2.7 10 (Ra8-c8) (=5)} 21. Bd3 {[%emt 0:04:42] RELBLUND 93 (Na4-c5) (=15)} (21. Nc5 $11) 21... Bxd4 {[%emt 0:05:55] CPLX 3.0 10 (d5xc4) (=5)} (21... Nxd4 $6 22. g5 Be5 23. cxd5 $11) (21... dxc4 {feels hotter.} 22. Bxc4 Nxc4 23. Rxc4 Rd5) 22. Bxd4 {[%emt 0:03:20] RECAPT} Nxd4 {[%emt 0:00:06] RECAPT} 23. cxd5 {[%emt 0:00:05] CPLX 3.1} exd5 {[%emt 0:04:13] CPLX 3.1 21 (e6-e5) (=6)} (23... e5 {is interesting.} 24. Qf2 Nf7 25. Nc3 Rd6) 24. Bxh7 {[%emt 0:00:24] [#] CPLX 3.0 0 (Bd3-f1) (=13)} Nxf3+ {[%emt 0:07:38] BESTDEEP} 25. Qxf3 {[%emt 0:00:08] Hoping for Bd3. RECAPT} Kxh7 {[%emt 0:00:09] EASY} 26. Rxd5 {[%emt 0:00:24] CPLX 3.3 22 (Na4-c3) (=13)} Ne4 {[%emt 0:01:50][%cal Bd6e4,Be4g5,Bg5h7][%mdl 32] BESTDEEP} 27. Rcd1 {[%emt 0:07:01][%mdl 8192] MISSDEEP-Na4-c3 353 (Na4-c3) (=28)} (27. Nc3 $17 {is tougher.} Ng5 28. Qd3+ Kg8 29. Rd1) 27... Rxd5 $19 {[%emt 0:00:26] CPLX 3.6=>BLUNDERREACT} 28. Rxd5 {[%emt 0:00:03] RECAPT} Ng5 {[%emt 0:01:03] BESTDEEP} 29. Qd3+ {[%emt 0:00:04] CPLX 3.4 174 (Qf3-f2) (=33)} (29. Qf2 $142 f3 30. Nc5 (30. Qh4+ $2 Kg8 $19)) 29... Kh8 {[%emt 0:00:26] ...f3 is the strong threat. CPLX 3.0 68 (Kh7-g8) (=7)} 30. h4 {[%emt 0:02:23] EASY} Nh7 {[%emt 0:01:36] BESTDEEP} 31. Rh5 {[%emt 0:04:56][%csl Gh5][%cal Rd3h7] CPLX 3.1 28 (Na4-c3) (=32)} g6 $1 {[%emt 0:00:05] EASY} 32. Qd4+ {[%emt 0:02:38] [#] CPLX 4.3} Kg8 $1 {[%emt 0:00:21] DEEPSTRONG} 33. Rh6 {[%emt 0:01:54] CPLX 5.0 400 (Qd4-e5) (=44)} (33. Qe5 $142 Qf7 34. Rh6) 33... Qe2+ {[%emt 0:00:18] EASY} 34. Kh1 {[%emt 0:00:05] CPLX 4.5 0 (Kh2-h3) (=42)} Qf3+ {[%emt 0:00:20] EASY} 35. Kh2 {[%emt 0:00:05] BESTDEEP} Qe2+ {[%emt 0:00:02] CPLX 5.5 400 (Qf3-g3) (=19)} 36. Kh1 $1 {[%emt 0:00:03] DEEPSTRONG} ({Not} 36. Kg1 $2 Qxg4+ 37. Kf2 Nf6 $19) 36... Qf3+ {[%emt 0:00:06] MISSDEEPWIN-Qe2-e1 400 (Qe2-e1) (=31)} 37. Kh2 {[%emt 0:00:04] DEEPSTRONG} ({But not} 37. Kg1 $2 Qxg4+ 38. Kf1 Re8 $19) 37... Qg3+ {[%emt 0:00:10] BESTDEEP} 38. Kh1 {[%emt 0:00:04] LEGAL} Qh3+ {[%emt 0:00:09] DEEPSTRONG} 39. Kg1 {[%emt 0:00:03] LEGAL} Qxg4+ {[%emt 0:00:08] EASY. Black is clearly winning.} 40. Kh1 {[%emt 0:00:49] MISSDEEP-Kg1-f1 400 (Kg1-f1) (=46)} Qh3+ {[%emt 0:01:20] BESTDEEP} 41. Kg1 {[%emt 0:00:04] LEGAL} Qg3+ {[%emt 0:00:17] CPLX 5.4} 42. Kf1 {[%emt 0:00:11] CPLX 5.4} f3 {[%emt 0:01:10] ( -> ...Qg2+). DEEPSTRONG} 43. Qg1 {[%emt 0:00:09] Prevents Qg2+. EASY} Qxg1+ {[%emt 0:00:59] Weighted Error Value: White=0.55/Black=0.45} 0-1

[Event "ESP-ch Teams Primera 2022"]
[Site "Sanxenxo Pontevedra"]
[Date "2022.09.20"]
[Round "4.8"]
[White "Narayanan.S.L"]
[Black "Suarez Gomez, Julio"]
[Result "1/2-1/2"]
[ECO "E10"]
[WhiteElo "2657"]
[BlackElo "2440"]
[Annotator "TA"]
[PlyCount "149"]
[EventDate "2022.09.17"]
[EventType "team-tourn"]
[EventCountry "ESP"]
[SourceTitle "playchess.com"]
[Source "ChessBase"]
[SourceQuality "1"]
[TimeControl "5400+30"]

1. d4 Nf6 2. c4 e6 3. Nf3 a6 4. Nc3 d5 5. cxd5 exd5 {RECAPT} 6. Bg5 {CPLX 2.0. D37: Queen's Gambit Declined: 5 Bf4.} Be6 {CPLX 2.2 8 (Bf8-e7) (=4)} 7. e3 {BESTDEEP} Nbd7 {CPLX 2.4 0 (Bf8-d6) (=3)} 8. Bf4 {CPLX 2.2 30 (Bf1-d3) (=10). White has an edge.} h6 {CPLX 2.0 29 (Nf6-h5) (=9)} 9. h3 {CPLX 2.1 4 (Bf1-d3) (=9)} Be7 {CPLX 2.1 10 (Be6-f5) (=9)} 10. Bd3 {CPLX 2.1} c5 {CPLX 2.2 5 (0-0) (=9)} 11. dxc5 {CPLX 2.5} Nxc5 {RECAPT} 12. O-O {BESTDEEP} O-O {CPLX 2.7 2 (Ra8-c8) (=7)} 13. Nd4 {CPLX 2.8 3 (Ra1-c1) (=5)} Bd6 {[#] CPLX 3.0 6 (Rf8-e8) (=7)} 14. Bc2 $146 {CPLX 3.2 30 (Nc3-e2) (=7)} ({Predecessor:} 14. Bxd6 Qxd6 15. Bc2 Nce4 16. Nce2 Rac8 17. Nf4 Bd7 18. Bb3 Nc5 19. Bc2 Ne6 20. Nfe2 Nxd4 21. Nxd4 {1-0 (49) Deac,B (2679)-Vusatiuk,V (2308) Chess.com INT 2022}) 14... Re8 {CPLX 3.1 24 (Bd6xf4) (=8)} 15. Nce2 {BESTDEEP} Rc8 {CPLX 3.0 4 (Qd8-b6) (=8)} 16. Rc1 {BESTDEEP} Qb6 {CPLX 3.0 0 (Bd6xf4) (=7)} 17. Bxd6 {CPLX 3.0 0 (Nd4-b3) (=6)} Qxd6 {RECAPT} 18. Nf4 {CPLX 2.9 6 (Qd1-d2) (=6)} Qb6 {CPLX 2.9 32 (Be6-d7) (=9)} 19. Bf5 {[%cal Ob2b4] BESTDEEP} Bd7 {CPLX 3.1 11 (Rc8-c7) (=9)} 20. Bxd7 {CPLX 3.1} Ncxd7 {RECAPT} 21. Rxc8 {CPLX 2.7} Rxc8 {RECAPT} 22. Nf5 {[#] Ne7+ is the strong threat. CPLX 2.2} Qc5 {Against Ne7+. CPLX 3.0 5 (Rc8-e8) (=8)} 23. Qf3 {White is more active. CPLX 2.7 8 (Nf4-h5) (=5)} Kh7 {CPLX 2.7 23 (Kg8-f8) (=8)} 24. Rd1 {CPLX 3.4 83 (Nf4-h5) (=9)} ({Don't play} 24. Qg3 g6 25. Nd3 Qc7 26. Qxc7 Rxc7 $11) ({White should try} 24. Nh5 $16) 24... g6 {CPLX 3.4 41 (Nd7-e5) (=10)} (24... Ne5 $5 25. Qg3 Rg8 $11) 25. Nd3 {Inhibits Ne5. BESTDEEP} Qf8 {BESTDEEP} 26. Nd4 {[%cal Od3e5] EASY} Qd6 {CPLX 2.2} 27. Nf4 {CPLX 2.4 7 (Rd1-d2) (=8)} Ne5 {CPLX 2.4 3 (Rc8-c7) (=9)} 28. Qe2 {CPLX 2.6} Nc6 {CPLX 2.3} 29. Qc2 {CPLX 2.5 0 (Qe2-d2) (=7)} Rc7 {[#] aiming for ...Nxd4. CPLX 3.0 7 (Nc6-e7) (=8)} 30. Nde6 {CPLX 3.0 36 (Rd1-c1) (=8)} Re7 {CPLX 4.6} 31. Nd4 {CPLX 4.2 16 (Ne6-c5) (=9)} Rc7 $1 {Hoping for ...Nxd4. DEEPSTRONG} 32. Rc1 {CPLX 3.0} Ne8 {Strongly threatening ...Nxd4. BESTDEEP} 33. Qd1 {CPLX 2.9 3 (Nd4xc6) (=8)} Nf6 {CPLX 2.6 13 (Nc6xd4) (=8)} 34. Nf3 {CPLX 2.5 14 (a2-a3) (=8)} Rd7 {BESTDEEP} 35. Ne2 {Prevents d4. CPLX 2.5 6 (Qd1-a4) (=8)} Ne4 {CPLX 2.1 4 (Rd7-c7) (=7)} 36. Ned4 {CPLX 2.6 25 (Qd1-c2) (=9)} Rc7 {CPLX 2.7} 37. Ne2 {CPLX 2.7 22 (Nd4-b3) (=9)} Rd7 {BESTDEEP} 38. a3 {CPLX 2.6 0 (Qd1-c2) (=9)} Qf6 {CPLX 2.6} 39. Ned4 {CPLX 2.7 0 (Rc1-c2) (=9)} Nxd4 {CPLX 2.8 0 (Rd7-c7) (=6)} 40. Qxd4 {RECAPT} Qxd4 {RECAPT} 41. Nxd4 $11 {[%mdl 4096] Endgame KRN-KRN. RECAPT} Kg7 {CPLX 2.0} 42. Kf1 {CPLX 2.0 2 (f2-f3) (=8)} Kf6 {CPLX 2.0 14 (h6-h5) (=6)} 43. Ke2 {CPLX 2.0 19 (g2-g4) (=8)} Ke7 {CPLX 2.0 9 (h6-h5) (=6)} 44. f3 {CPLX 2.0 10 (g2-g4) (=8)} Nd6 {CPLX 2.0} 45. b3 {CPLX 2.0 1 (h3-h4) (=8)} h5 {CPLX 2.0 9 (Nd6-e8) (=6)} 46. Kd3 {CPLX 2.0 6 (h3-h4) (=8)} Ne8 {BESTDEEP} 47. Rc8 {CPLX 2.0 0 (g2-g4) (=8)} Rc7 {CPLX 2.0} 48. Rb8 {CPLX 2.2} Nd6 {CPLX 2.0 0 (Ne8-f6) (=6)} 49. Ne2 {CPLX 2.0} Rc8 {CPLX 2.0 10 (Nd6-b5) (=6)} 50. Rxc8 {EASY} Nxc8 {KN-KN. RECAPT} 51. h4 {CPLX 2.0 36 (g2-g4) (=8)} Kd6 {BESTDEEP} 52. g4 {CPLX 2.0 0 (Kd3-c3) (=8)} Ne7 {CPLX 2.0} 53. Nf4 {CPLX 2.0 0 (g4xh5) (=8)} Ke5 {MISS-h5xg4 5 (h5xg4) (=6)} 54. a4 {CPLX 2.0 5 (Kd3-e2) (=8)} b6 {CPLX 2.0 8 (h5xg4) (=6)} 55. Ne2 {CPLX 2.0 8 (Kd3-e2) (=8)} Nc6 {CPLX 2.0} 56. Ng3 {RELBLUND 89 (g4xh5) (=9)} (56. gxh5 $11 gxh5 57. Kc3) 56... Ne7 {CPLX 2.0 89 (h5xg4) (=7)} (56... hxg4 $17 57. fxg4 Kd6) 57. f4+ {MISS-g4xh5 0 (g4xh5) (=9). The position is equal.} Ke6 {CPLX 2.0 0 (Ke5-d6) (=7)} 58. gxh5 {CPLX 2.0 0 (f4-f5) (=9)} gxh5 {RECAPT} 59. Nxh5 {RECAPT} Nf5 {Prevents Ng7+. EASY} 60. e4 {CPLX 2.0 0 (b3-b4) (=9)} dxe4+ {CPLX 2.4} 61. Kxe4 Nxh4 62. Ng7+ Kf6 63. Ne8+ Ke7 64. Nc7 Kd6 65. Nxa6 {Black must now prevent f5.} f5+ 66. Ke3 Ng2+ 67. Kf3 Ne1+ 68. Kf2 Nc2 69. b4 Kd5 70. b5 Kc4 71. Ke2 Nd4+ 72. Ke3 Ne6 73. Nb8 {Threatens to win with Nd7.} Kb4 74. Nd7 Kxa4 75. Nxb6+ {Weighted Error Value: White=0.11 (very precise) /Black=0.07 (flawless)} 1/2-1/2